 Dungeon Crawl Stone Soup version 0.25-a0-583-g696c2ac64d (webtiles) character file.

Game seed: 16462555353562523244, levelgen mode: deterministic

97813 DerDa the Frost Mage (level 15, 0/112 HPs)
             Began as a Demonspawn Ice Elementalist on Mar 8, 2020.
             Was an Elder of Sif Muna.
             Killed by divine providence
             ... invoked by a meliai
              (13 damage)
             ... on level 1 of the Shoals.
             The game lasted 03:07:43 (36256 turns).

DerDa the Frost Mage (Demonspawn Ice Elementalist) Turns: 36256, Time: 03:07:46

Health: 0/112      AC:  7    Str: 12    XL:     15   Next: 73%
Magic:  16/31      EV: 22    Int: 30    God:    Sif Muna [****..]
Gold:   1308       SH:  6    Dex: 22    Spells: 1/38 levels left

rFire    + + .     SeeInvis .   N - +4 battleaxe of the Manifold Deaths {vorpal, Fragile rF++ rN+ Int+2}
rCold    + + .     Gourm    .   (shield currently unavailable)
rNeg     + . .     Faith    .   C - +0 leather armour {rPois}
rPois    +         Spirit   .   (helmet unavailable)
rElec    +         Reflect  +   m - scarf {repulsion}
rCorr    .         Harm     .   q - +2 pair of gloves
MR       +....                  a - +0 pair of boots
Stlth    ++++......             d - +6 amulet of reflection
HPRegen  0.28/turn              r - ring "Qerche" {rElec EV+3 Int+5}
MPRegen  0.22/turn              F - ring "Fadwubul" {rC++ Str+4 Dex+2 Slay+3}

@: lethally poisoned (0 -> -4), very slightly contaminated, repel missiles
A: horns 3, thin skeletal structure 3, foul stench 1, rot immunity
a: Channel Magic, Forget Spell, Divine Exegesis, Renounce Religion


You were on level 1 of the Shoals.
You worshipped Sif Muna.
Sif Muna was greatly pleased with you.
You were not hungry.

You visited 6 branches of the dungeon, and saw 26 of its levels.
You also visited: Ossuary, Bailey, Gauntlet, Ice Cave and Volcano.

You collected 3753 gold pieces.
You spent 2445 gold pieces at shops.

Inventory:

Hand Weapons
 u - the +7 broad axe "Vent" {flame, +Blink, unknown}
   (You found it on level 1 of the Spider Nest)

   It has been specially enchanted to burn those struck by it, causing extra
   injury to most foes and up to half again as much damage against particularly
   susceptible opponents.
   Big, fiery blades are also staple armaments of hydra-hunters.
   It lets you blink.
 N - the +4 battleaxe of the Manifold Deaths (weapon) {vorpal, Fragile rF++ rN+ Int+2}
   (You bought it in a shop on level 7 of the Dungeon)

   It inflicts extra damage upon your enemies.
   It affects your intelligence (+2).
   It greatly protects you from fire.
   It protects you from negative energy.
   It will be destroyed if unequipped.
Missiles
 y - 26 poisoned darts (quivered)
Armour
 a - a +0 pair of boots (worn)
 m - a scarf of repulsion (worn)
 q - a +2 pair of gloves (worn)
 B - a +2 troll leather armour {Snorg}
 C - a +0 leather armour of poison resistance (worn)
 O - the +1 robe of Tenacity {Dex+3 Slay+3}
   (You bought it in a shop on level 2 of the Orcish Mines)

   It affects your dexterity (+3).
   It affects your accuracy and damage with ranged weapons and melee attacks
   (+3).
Magical Staves
 K - an uncursed staff of wizardry
Jewellery
 b - an uncursed ring of ice
 d - a +6 amulet of reflection (around neck)
 j - an uncursed amulet of the acrobat
 l - an uncursed ring of wizardry
 r - the ring "Qerche" (left hand) {rElec EV+3 Int+5}
   (You bought it in a shop on level 2 of the Orcish Mines)

   [ring of evasion]

   It affects your evasion (+3).
   It affects your intelligence (+5).
   It insulates you from electricity.
 v - an uncursed ring of protection from magic
 F - the ring "Fadwubul" (right hand) {rC++ Str+4 Dex+2 Slay+3}
   (You found it in a Gauntlet)

   [ring of slaying]

   It affects your strength (+4).
   It affects your dexterity (+2).
   It affects your accuracy and damage with ranged weapons and melee attacks
   (+3).
   It greatly protects you from cold.
 J - an uncursed ring of flight
 V - an uncursed ring of protection from fire
Wands
 e - a wand of acid (2)
 E - a wand of enslavement (25)
 M - a wand of paralysis (29)
 P - a wand of polymorph (12)
 Q - a wand of flame (50)
 X - a wand of iceblast (17)
Scrolls
 h - 2 scrolls of silence
 i - a scroll of enchant weapon
 n - 4 scrolls of fog
 p - 13 scrolls of remove curse
 s - 7 scrolls of immolation
 t - 15 scrolls of teleportation
 G - a scroll of blinking
 W - 2 scrolls of fear
Potions
 f - 6 potions of brilliance
 o - 6 potions of haste
 w - 4 potions of curing
 x - a potion of invisibility
 z - 2 potions of magic
 A - 3 potions of mutation
 D - 2 potions of berserk rage
 H - 3 potions of resistance
 I - 6 potions of might
 U - 3 potions of cancellation
 Y - a potion of ambrosia
Miscellaneous
 L - a tin of tremorstones
 T - 3 boxes of beasts
Comestibles
 c - 43 rations
 k - 3 chunks of flesh


   Skills:
 + Level 8.9 Fighting
 - Level 1.3 Armour
 + Level 8.4 Dodging
 - Level 1.7 Stealth
   Level 4.0 Shields
 * Level 12.1 Spellcasting
 + Level 9.0 Conjurations
 + Level 6.9 Summonings
 + Level 6.6 Necromancy
 * Level 12.3 Ice Magic
 * Level 3.4 Air Magic
 + Level 11.4 Invocations
 + Level 8.0 Evocations


You had one spell level left.
You knew the following spells:

 Your Spells              Type           Power        Failure   Level  Hunger
a - Freeze                Ice            ####         1%          1    None
b - Frozen Ramparts       Ice            ######       1%          3    None
c - Ozocubu's Armour      Chrm/Ice       ######..     1%          3    None
d - Hailstorm             Conj/Ice       ######..     1%          4    None
e - Summon Ice Beast      Ice/Summ       ######..     1%          4    None
f - Metabolic Englaciati  Hex/Ice        ######....   8%          5    ##.....
g - Simulacrum            Ice/Necr       ######....   11%         6    ####...
h - Aura of Abjuration    Summ           ######....   5%          5    ##.....
i - Freezing Cloud        Conj/Ice/Air   ######....   19%         6    ####...

Your spell library contained the following spells:

 Spells                   Type           Power        Failure   Level  Hunger
 Animate Skeleton         Necr           N/A          1%          1    None
 Pain                     Necr           ####         1%          1    None
 Shock                    Conj/Air       ####         1%          1    None
 Summon Butterflies       Summ           ######..     1%          1    None
 Summon Small Mammal      Summ           ####         1%          1    None
 Apportation              Tloc           ###...       3%          1    None
 Sandblast                Erth           ###...       3%          1    None
 Sting                    Tmut/Pois      ###.         3%          1    None
 Call Imp                 Summ           ######..     1%          2    None
 Call Canine Familiar     Summ           ######..     1%          3    None
 Mephitic Cloud           Conj/Pois/Air  #####...     1%          3    None
 Stone Arrow              Conj/Erth      #####.       1%          3    None
 Vampiric Draining        Necr           ######....   1%          3    None
 Poisonous Vapours        Pois/Air       ####..       2%          2    None
 Recall                   Summ/Tloc      N/A          2%          3    None
 Summon Guardian Golem    Hex/Summ       #####...     2%          3    None
 Animate Dead             Necr           N/A          2%          4    None
 Dispel Undead            Necr           ######..     2%          4    None
 Ice Form                 Ice/Tmut       ######..     2%          4    None
 Summon Lightning Spire   Summ/Air       #####...     4%          4    None
 Passwall                 Tmut/Erth      ###.....     5%          2    None
 Shroud of Golubria       Chrm/Tloc      ###...       5%          2    None
 Fulminant Prism          Conj/Hex       #####.....   5%          4    None
 Iskenderun's Mystic Bla  Conj/Tloc      #####...     5%          4    None
 Summon Demon             Summ           ######....   5%          5    ##.....
 Agony                    Necr           ######..     7%          5    ##.....
 Lightning Bolt           Conj/Air       ######....   8%          5    ##.....
 Confusing Touch          Hex            ###.....     11%         3    None
 Gell's Gravitas          Tloc           ###.......   11%         3    None
 Ignite Poison            Fire/Tmut/Pois ###.....     11%         3    None
 Inner Flame              Hex/Fire       ###.....     11%         3    None
 Lesser Beckoning         Tloc           ###.......   11%         3    None
 Teleport Other           Tloc           ###.....     11%         3    None
 Tukima's Dance           Hex            ###.....     11%         3    None
 Fireball                 Conj/Fire      #####.....   16%         5    ##.....
 Borgnjor's Vile Clutch   Necr/Erth      #####.....   26%         5    ##.....
 Excruciating Wounds      Chrm/Necr      #####.....   26%         5    ##.....
 Shadow Creatures         Summ           N/A          30%         6    ####...
 Olgreb's Toxic Radiance  Pois           ###.....     34%         4    None
 Petrify                  Tmut/Erth      ###.....     34%         4    None
 Death Channel            Necr           ######....   36%         6    ####...
 Iron Shot                Conj/Erth      #####.....   65%         6    ####...
 Alistair's Intoxication  Tmut/Pois      ###.....     69%         5    ##.....
 Lee's Rapid Deconstruct  Erth           ###.......   69%         5    ##.....
 Yara's Violent Unravell  Hex/Tmut       ###.......   69%         5    ##.....
 Spellforged Servitor     Conj/Summ      ######....   75%         7    ######.
 Haunt                    Necr/Summ      ######....   88%         7    ######.
 Deflect Missiles         Chrm/Air       ####......   95%         6    ####...
 Dispersal                Tloc           ###.......   99%         6    ####...
 Invisibility             Hex            ###.....     99%         6    ####...
 Controlled Blink         Tloc           N/A          100%        8    #######


Dungeon Overview and Level Annotations

Branches:
Dungeon (15/15)            Temple (1/1) D:7            Lair (6/6) D:8
 Shoals (1/4) Lair:2       Spider (1/4) Lair:4        Slime (0/5) Lair:5
    Orc (2/2) D:11            Elf (0/3) Orc:2        Vaults (0/5) D:13
 Depths (0/5) D:15        Ossuary (visited)          Bailey (visited)
  IceCv (visited)         Volcano (visited)         Gauntlet (visited)

Altars:
Ashenzari
Cheibriados
Dithmenos
Elyvilon
Fedhas
Gozag
Hepliaklqana
Kikubaaqudgha
Makhleb
Nemelex Xobeh
Okawaru
Qazlal
Ru
Sif Muna
Trog
Uskayaw
Vehumet
Wu Jian
Xom
Yredelemnul
Zin
The Shining One
Beogh
Jiyva

Shops:
D:7 *:}(   Orc:2 *([=

Annotations:
D:2 exclusion: door
D:4 exclusion: door
D:6 2 transporters, Veteran's ghost, novice DgWz
D:13 Urug


Innate Abilities, Weirdness & Mutations

You have a pair of large horns on your head.
You have an unnaturally thin skeletal structure. (Dex +6, Stealth++)
You may emit foul miasma when damaged in melee.
You are immune to rotting.


Message History

Unknown command.
You feel much better.
You feel sick. The meliai barely misses you. The meliai misses you.
The meliai hits you with a +0 hand axe.
* * * LOW HITPOINT WARNING * * *
The meliai completely misses you.
Unknown command.
Casting: Freezing Cloud (quite dangerous; 19% risk of failure)
Confirm with . or Enter, or press ? or * to list all spells.
A chill wind blows around you.
You feel sick. The meliai barely misses you. The meliai stings you.
* * * LOW HITPOINT WARNING * * *
The meliai barely misses you. The meliai completely misses you.
Unknown command.
You feel sick.
The meliai invokes the aid of its god against you.
Something smites you!
* * * LOW HITPOINT WARNING * * *
The meliai calls down the wrath of its god upon you.
Something smites you!
You die...

≈≈≈≈≈≈≈≈≈≈≈≈≈≈≈≈≈≈≈
≈≈≈≈≈≈P.......≈P≈≈≈
≈≈≈≈≈≈.......P.PP≈≈
≈≈≈≈≈≈≈≈≈≈≈.PPPPP≈≈
≈≈≈≈≈≈≈≈).P.PPPPPP≈≈≈≈≈≈
≈≈≈≈≈≈..)).P≈PPPP≈P≈≈≈≈≈
#≈≈≈..≈..#y..P..≈≈≈≈≈≈≈≈
###≈≈PP..#..####.≈≈≈≈≈≈≈
###≈≈..##@Y# #..≈≈≈≈≈≈
≈≈≈≈..##..# #..≈≈≈PP≈
≈#≈≈####...###...≈≈≈≈≈
≈≈≈≈y #.....÷..<..≈≈≈≈≈
≈.###...>......≈≈≈≈≈≈≈
#..≈≈≈≈..≈≈≈≈≈≈≈≈≈≈
#..≈≈≈≈≈≈≈≈≈≈≈≈≈≈≈≈
#..≈≈≈≈≈≈≈≈≈≈≈≈≈≈≈≈
#.≈≈≈≈≈≈≈≈≈≈≈≈≈≈≈≈≈


You could see a meliai and a friendly ice beast.

Vanquished Creatures
  A minotaur (Gauntlet)
  An ettin (Orc:2)
  Snorg (Lair:6)
  Fannar (Orc:1)
  A fire dragon (D:8)
  A catoblepas (Lair:6)
  5 hydras
  3 centaur warriors
  A death knight (D:15)
  4 ogre magi
  2 tengu warriors (D:13)
  19 two-headed ogres
  Erica (Lair:1)
  A skeletal warrior (D:15)
  A wizard (D:11)
  An unseen horror (D:12)
  A phantasmal warrior (D:15)
  3 orb spiders (Spider:1)
  4 harpies (Shoals:1)
  An orc sorcerer (Volcano)
  A wolf spider zombie (D:13)
  A worldbinder (Gauntlet)
  A manticore (D:12)
  6 ugly things
  2 cyclopes
  2 deep elf magi
  7 elephants
  A moth of wrath (shapeshifter) (D:13)
  A water nymph (Shoals:1)
  2 ice statues (IceCv)
  A merfolk siren (Shoals:1)
  19 spiny frogs
  2 kobold demonologists
  A molten gargoyle (Volcano)
  4 komodo dragons
  3 centaur skeletons
  A redback zombie (D:12)
  2 freezing wraiths
  A red devil (Volcano)
  7 ice devils (IceCv)
  A jumping spider (shapeshifter) (D:15)
  A meliai (Shoals:1)
  4 trolls
  2 polar bears (Lair:6)
  A merfolk (Shoals:1)
  3 hornets
  3 tyrant leeches (Lair:6)
  6 jumping spiders (Spider:1)
  12 blink frogs
  A meliai zombie (D:13)
  2 slime creatures (D:15)
  6 hippogriffs
  A snapping turtle (Shoals:1)
  A vampire (D:14)
  2 wyverns
  30 yaks
  A ynoxinul (Gauntlet)
  16 humans (D:13)
  10 redbacks
  3 wraiths
  4 hungry ghosts
  5 fire bats (Volcano)
  A human (shapeshifter) (D:15)
  7 vampire mosquitoes
  A steam dragon (D:12)
  Grum (Lair:1)
  A basilisk (Lair:3)
  4 wargs (Orc:1)
  An acid dragon (shapeshifter) (D:15)
  2 soldier ants
  11 water moccasins
  11 porcupines
  A sky beast (D:14)
  3 black bears
  10 orc warriors
  2 necrophages
  3 ice beasts
  25 ogres
  3 phantoms
  5 boggarts
  9 centaurs
  2 wolves (Lair:1)
  8 crocodiles
  2 big kobolds
  21 bullfrogs
  5 gnoll sergeants (Bailey)
  2 wyvern skeletons
  3 scorpions
  11 killer bees
  10 wights
  6 howler monkeys (D:13)
  4 electric eels
  5 lava snakes
  8 crimson imps
  A draconian simulacrum (IceCv)
  2 centaur zombies
  7 jellies
  A quasit (D:8)
  4 gnoll shamans (Bailey)
  8 hounds
  14 orc priests
  11 orc wizards
  3 iron imps (Gauntlet)
  3 iguanas
  2 troll simulacra (IceCv)
  12 worker ants
  A spriggan simulacrum (IceCv)
  A centaur simulacrum (IceCv)
  8 mummies
  12 gnolls (Bailey)
  4 ogre simulacra (IceCv)
  10 adders
  A naga simulacrum (IceCv)
  2 shadow imps
  An ooze (D:3)
  A worm (D:5)
  2 dart slugs
  4 leopard geckos
  74 orcs
  11 bats
  5 giant cockroaches
  3 goblins
  8 hobgoblins
  6 jackals (D:5)
  4 quokkas
  3 ball pythons
  5 frilled lizards
  2 gnoll skeletons (Ossuary)
  2 goblin skeletons (Ossuary)
  A hobgoblin zombie (D:6)
  11 kobolds
  2 kobold skeletons (Ossuary)
  2 orc skeletons (Ossuary)
  An orc zombie (D:6)
  8 rats
  11 rat skeletons (Ossuary)
  A fungus (Lair:5)
  15 plants
711 creatures vanquished.

Vanquished Creatures (collateral kills)
  A reaper (Gauntlet)
  2 rakshasas (D:15)
  An ogre mage (Orc:2)
  5 two-headed ogres
  A sun demon (Volcano)
  The ghost of dvd2 the Chopper, a novice TrGl of the Shining One (D:8)
  A flayed ghost (D:13)
  A necromancer (IceCv)
  2 ugly things
  A cyclops (D:11)
  A wolf spider (Spider:1)
  3 elephants (Lair:5)
  A black mamba (Lair:2)
  A rust devil (Gauntlet)
  A merfolk siren (Lair:2)
  A guardian serpent (D:11)
  2 spiny frogs (Lair:6)
  Maggie (D:7)
  A centaur skeleton (D:13)
  A komodo dragon (Lair:4)
  2 rime drakes (D:15)
  A hellwing (Gauntlet)
  A troll (D:13)
  2 jumping spiders (Spider:1)
  7 blink frogs
  3 slime creatures (D:15)
  5 redbacks
  A wraith (D:13)
  A wyvern (D:13)
  2 vampire mosquitoes
  A basilisk (Lair:6)
  Menkaure (D:7)
  A warg (D:8)
  A porcupine (Lair:1)
  4 orc warriors
  8 ogres (Orc:2)
  An eye of draining (D:13)
  A boggart (D:15)
  3 wolves (Lair:6)
  3 crocodiles
  A big kobold (D:13)
  2 bullfrogs (Lair:6)
  3 gnoll sergeants (Bailey)
  A hound (Bailey)
  2 orc wizards
  2 gnoll shamans (Bailey)
  2 orc priests
  An iron imp (Gauntlet)
  A worker ant (D:13)
  5 mummies (Ossuary)
  2 gnolls (Bailey)
  A shadow imp (Gauntlet)
  7 orcs
  A kobold (D:13)
  A fungus (Lair:6)
  A withered plant (Gauntlet)
111 creatures vanquished.

Vanquished Creatures (others)
  A boggart (D:15)
  16 fungi
  43 plants
60 creatures vanquished.

Grand Total: 882 creatures vanquished

Notes
Turn   | Place    | Note
-------+----------+-------------------------------------------
     0 | D:1      | DerDa the Demonspawn Ice Elementalist began the quest for
                  | the Orb.
     0 | D:1      | Reached XP level 1. HP: 13/13 MP: 3/3
   438 | D:1      | Gained mutation: You have a somewhat thin skeletal
                  | structure. (Dex +2, Stealth) [demonic ancestry]
   438 | D:1      | Reached XP level 2. HP: 16/19 MP: 0/5
  1064 | D:2      | Reached XP level 3. HP: 24/24 MP: 1/7
  1618 | D:2      | Found a basalt altar of Yredelemnul.
  1787 | D:4      | Gained mutation: You are immune to rotting. [demonic
                  | ancestry]
  1787 | D:4      | Reached XP level 4. HP: 14/30 MP: 5/9
  1969 | D:4      | Learned a level 3 spell: Frozen Ramparts
  1973 | D:4      | Learned a level 3 spell: Ozocubu's Armour
  2246 | D:3      | Found an iron altar of Okawaru.
  2247 | D:3      | Found a shimmering blue altar of Sif Muna.
  2254 | D:3      | Became a worshipper of Sif Muna the Loreminder
  2459 | D:3      | Gained mutation: You have a pair of small horns on your
                  | head. [demonic ancestry]
  2459 | D:3      | Reached XP level 5. HP: 25/35 MP: 8/10
  2743 | D:3      | Reached skill level 1 in Invocations
  2931 | D:3      | Reached skill level 5 in Ice Magic
  2941 | D:3      | Learned a level 4 spell: Hailstorm
  3035 | D:3      | Reached skill level 1 in Armour
  3099 | D:3      | Reached skill level 1 in Fighting
  3099 | D:3      | Reached XP level 6. HP: 21/43 MP: 7/12
  3356 | D:4      | Reached * piety under Sif Muna
  3730 | D:4      | Found a shattered altar of Ashenzari.
  3952 | D:4      | Found a sacrificial altar of Ru.
  3955 | D:4      | Got a citrine-encrusted scale mail
  4034 | D:4      | Got a steaming helmet
  4038 | D:4      | Noticed an orc warrior
  4376 | D:4      | Reached skill level 1 in Conjurations
  4376 | D:4      | Gained mutation: You have a pair of horns on your head.
                  | [demonic ancestry]
  4376 | D:4      | Reached XP level 7. HP: 36/48 MP: 4/13
  4785 | D:5      | Entered Level 5 of the Dungeon
  5067 | D:5      | Learned a level 4 spell: Summon Ice Beast
  5486 | D:5      | Reached skill level 1 in Summonings
  5700 | D:5      | Reached skill level 5 in Spellcasting
  5924 | D:6      | Identified the cursed +0 scale mail of Wasted Space {rN++
                  | MR- Str+3 Int+2} (You found it on level 4 of the Dungeon)
  5950 | D:6      | Gained mutation: You have a moderately thin skeletal
                  | structure. (Dex +4, Stealth+) [demonic ancestry]
  5950 | D:6      | Reached XP level 8. HP: 56/56 MP: 11/15
  5969 | D:6      | Found a sand-covered staircase.
  6059 | Ossuary  | Entered an ossuary
  6574 | Ossuary  | Reached ** piety under Sif Muna
  7229 | D:6      | Found a glowing golden altar of the Shining One.
  7627 | D:6      | Found a transporter.
  7628 | D:6      | Found a transporter.
  7629 | D:6      | Noticed Veteran's ghost (novice DgWz)
  7633 | D:6      | Identified the +6 dire flail "Ixecudusk" {holy, Str+4}
  7925 | D:7      | Noticed Menkaure
  7932 | D:7      | Killed Menkaure
  8167 | D:7      | Found Uklea's Book Shop.
  8243 | D:7      | Found a staircase to the Ecumenical Temple.
  8277 | D:7      | Found Daulaor's Gadget Emporium.
  8279 | D:7      | Found a flagged portal.
  8392 | Bailey   | Entered a bailey
  8405 | Bailey   | Reached *** piety under Sif Muna
  8555 | Bailey   | Gained mutation: You may emit foul miasma when damaged in
                  | melee. [demonic ancestry]
  8555 | Bailey   | Reached XP level 9. HP: 63/63 MP: 4/17
  9915 | D:7      | Noticed Maggie
  9928 | D:7      | Killed Maggie
 10174 | D:7      | Found Viemnoinint's Antique Weapon Emporium.
 10187 | D:7      | Bought a smoking battleaxe for 276 gold pieces
 10187 | D:7      | Identified the +4 battleaxe of the Manifold Deaths {vorpal,
                  | Fragile rF++ rN+ Int+2} (You bought it in a shop on level 7
                  | of the Dungeon)
 10440 | D:7      | Found Gafatruz's General Store.
 10446 | D:7      | Bought a scroll of noise for 14 gold pieces
 10446 | D:7      | Bought a scroll of teleportation for 42 gold pieces
 10446 | D:7      | Bought a scroll of silence for 105 gold pieces
 10446 | D:7      | Bought a ration for 70 gold pieces
 10446 | D:7      | Bought a scroll of enchant weapon for 105 gold pieces
 10712 | Temple   | Entered the Ecumenical Temple
 10892 | D:8      | Reached skill level 5 in Invocations
 10895 | D:8      | Found a staircase to the Lair.
 10895 | D:8      | Noticed a fire dragon
 11434 | D:8      | Reached skill level 1 in Evocations
 11483 | D:8      | Reached skill level 5 in Summonings
 11525 | D:8      | Found a runed translucent gate.
 11525 | D:8      | Found a runed translucent gate.
 11528 | D:8      | Found a runed translucent gate.
 11528 | D:8      | Noticed dvd2's ghost (novice TrGl)
 11529 | D:8      | Identified the +8 chain mail of Jomenkaj {Int+5}
 11531 | D:8      | Found a roughly hewn altar of Beogh.
 11603 | D:8      | Reached XP level 10. HP: 71/71 MP: 7/20
 11825 | D:8      | Found a shadowy altar of Dithmenos.
 12076 | D:9      | Reached **** piety under Sif Muna
 12864 | D:10     | Entered Level 10 of the Dungeon
 12967 | D:10     | Noticed a centaur warrior
 12978 | D:10     | Killed a centaur warrior
 13193 | D:10     | Noticed a two-headed ogre
 13214 | D:10     | Killed a two-headed ogre
 13214 | D:10     | Reached skill level 5 in Fighting
 13484 | D:10     | Reached skill level 5 in Dodging
 13484 | D:10     | Reached skill level 5 in Conjurations
 13522 | D:10     | Gained mutation: You have an unnaturally thin skeletal
                  | structure. (Dex +6, Stealth++) [demonic ancestry]
 13522 | D:10     | Reached XP level 11. HP: 79/79 MP: 18/22
 14114 | D:11     | Got a scorched longbow
 14366 | D:11     | Noticed a wizard
 14373 | D:11     | Paralysed by a wizard for 3 turns
 14377 | D:11     | Killed a wizard
 14972 | D:11     | Found a staircase to the Orcish Mines.
 15227 | Lair:1   | Entered Level 1 of the Lair of Beasts
 15227 | Lair:1   | Noticed Erica
 15234 | Lair:1   | Killed Erica
 15234 | Lair:1   | Reached ***** piety under Sif Muna
 15376 | Lair:1   | Noticed Grum
 15387 | Lair:1   | Identified Nimn's Collected Works on the Enthralling Birds
                  | (Sif Muna gifted it to you on level 1 of the Lair of
                  | Beasts)
 15387 | Lair:1   | Received a gift from Sif Muna
 15388 | Lair:1   | Killed Grum
 15416 | Lair:1   | Noticed an eight-headed hydra
 15433 | Lair:1   | Killed an eight-headed hydra
 16862 | Lair:2   | Reached XP level 12. HP: 38/88 MP: 25/25
 17639 | Lair:2   | Found a staircase to the Shoals.
 18078 | Lair:3   | Learned a level 5 spell: Metabolic Englaciation
 18085 | Lair:3   | Learned a level 6 spell: Simulacrum
 18167 | Lair:3   | Found an ornate altar of the Wu Jian Council.
 18770 | Lair:4   | Found a hole to the Spider Nest.
 19256 | Lair:4   | Reached skill level 1 in Necromancy
 19257 | Lair:4   | Reached skill level 5 in Evocations
 19630 | Lair:4   | Reached skill level 1 in Shields
 19967 | Lair:5   | Reached skill level 10 in Ice Magic
 20285 | Lair:5   | Found a staircase to the Slime Pits.
 20285 | Lair:5   | Found a viscous altar of Jiyva.
 21142 | Lair:6   | Entered Level 6 of the Lair of Beasts
 21159 | Lair:6   | Reached skill level 10 in Spellcasting
 21162 | Lair:6   | Gained mutation: You have a pair of large horns on your
                  | head. [demonic ancestry]
 21162 | Lair:6   | Reached XP level 13. HP: 86/95 MP: 4/27
 21763 | Lair:6   | Noticed Snorg
 21896 | Lair:6   | Killed Snorg
 21900 | Lair:6   | Identified Yrinip's Collected Works on Warped Creation (Sif
                  | Muna gifted it to you on level 6 of the Lair of Beasts)
 21900 | Lair:6   | Received a gift from Sif Muna
 23851 | Lair:6   | Got a transparent ruby amulet
 23860 | Lair:6   | Got a steaming scale mail
 24185 | Lair:6   | Identified the cursed +1 scale mail of Mucan {Regen+ Str+3
                  | Int+4 SInv} (You found it on level 6 of the Lair of Beasts)
 24186 | Lair:6   | Identified the amulet "Poraus" {+Rage Slay+3} (You found it
                  | on level 6 of the Lair of Beasts)
 24438 | D:8      | HP: 3/96 [orc priest/divine providence (9)]
 24439 | D:8      | Killed dvd2's ghost
 24661 | D:8      | Learned a level 5 spell: Aura of Abjuration
 25307 | D:12     | You fall into a shaft and drop 1 floor!
 25528 | D:13     | Noticed Urug
 25590 | D:13     | Identified Sif Muna's Papyrus of Attacks (Sif Muna gifted
                  | it to you on level 13 of the Dungeon)
 25590 | D:13     | Received a gift from Sif Muna
 25818 | D:13     | Reached skill level 10 in Invocations
 26144 | D:13     | Reached XP level 14. HP: 103/103 MP: 28/28
 26442 | D:13     | Found a gate to the Vaults.
 27525 | D:12     | Found a hazy altar of Hepliaklqana.
 27835 | D:14     | Found a gate leading to a gauntlet.
 27883 | Gauntlet | Entered a Gauntlet
 27883 | Gauntlet | Found a transporter.
 27894 | Gauntlet | Found a transporter.
 27902 | Gauntlet | Found a transporter.
 27904 | Gauntlet | Found a transporter.
 27914 | Gauntlet | Found a transporter.
 27930 | Gauntlet | Found a transporter.
 27933 | Gauntlet | Noticed a reaper
 27940 | Gauntlet | Found a transporter.
 27950 | Gauntlet | Found a transporter.
 27955 | Gauntlet | Found a transporter.
 27955 | Gauntlet | Found a transporter.
 27983 | Gauntlet | Found a transporter.
 27984 | Gauntlet | Found a transporter.
 28039 | Gauntlet | Found a transporter.
 28052 | Gauntlet | Found a transporter.
 28136 | Gauntlet | Identified Sif Muna's Collected Works on Stolen Souls (Sif
                  | Muna gifted it to you in a Gauntlet)
 28136 | Gauntlet | Received a gift from Sif Muna
 28213 | Gauntlet | Reached skill level 5 in Necromancy
 28251 | Gauntlet | Killed a reaper
 28253 | Gauntlet | Got a glittering iron ring
 28383 | Gauntlet | Identified the Reference Book on Summoning and Sinister
                  | Rites
 28475 | D:14     | Identified the ring "Fadwubul" {rC++ Str+4 Dex+2 Slay+3}
                  | (You found it in a Gauntlet)
 28557 | D:14     | Got a warped leather armour
 28567 | D:14     | Identified the +3 leather armour "Ketifus" {rN+ MR- Str+3}
                  | (You found it on level 14 of the Dungeon)
 29162 | D:15     | Entered Level 15 of the Dungeon
 29555 | D:15     | Found a frozen archway.
 29585 | IceCv    | Entered an ice cave
 30380 | IceCv    | Got a twisted scimitar
 30387 | IceCv    | Got an ichor-stained scythe
 31563 | D:15     | Found a staircase to the Depths.
 31740 | Orc:1    | Entered Level 1 of the Orcish Mines
 31762 | Orc:1    | Noticed Fannar
 31796 | Orc:1    | Killed Fannar
 32109 | Orc:1    | Found a dark tunnel.
 32358 | Volcano  | Entered a volcano
 32440 | Volcano  | Reached XP level 15. HP: 102/112 MP: 8/30
 32448 | Volcano  | Learned a level 6 spell: Freezing Cloud
 32591 | Volcano  | Found a burning altar of Makhleb.
 32694 | Volcano  | Paralysed by an orc sorcerer for 6 turns
 32856 | Orc:2    | Entered Level 2 of the Orcish Mines
 33095 | Orc:1    | Identified Ysiyfo's Collected Works on Displaced Cold (Sif
                  | Muna gifted it to you on level 1 of the Orcish Mines)
 33095 | Orc:1    | Received a gift from Sif Muna
 33205 | Orc:1    | Found a roughly hewn altar of Beogh.
 33209 | Orc:1    | Reached skill level 1 in Air Magic
 34010 | Orc:2    | Found Xofragy's Assorted Antiques.
 34010 | Orc:2    | Found Dege's Antique Armour Emporium.
 34011 | Orc:2    | Found Emiffooz's Weapon Emporium.
 34011 | Orc:2    | Found Edauqual's Jewellery Shop.
 34034 | Orc:2    | Bought an uncursed ring of flight for 245 gold pieces
 34035 | Orc:2    | Bought a smoking robe for 216 gold pieces
 34035 | Orc:2    | Bought an ominously black robe for 216 gold pieces
 34036 | Orc:2    | Bought a scroll labeled FOSO LUIRIMET for 34 gold pieces
 34213 | Orc:2    | Found a staircase to the Elven Halls.
 34588 | Orc:2    | Identified the +1 robe of Tenacity {Dex+3 Slay+3} (You
                  | bought it in a shop on level 2 of the Orcish Mines)
 34598 | Orc:2    | Identified the +1 robe "Rirro" {Int+2} (You bought it in a
                  | shop on level 2 of the Orcish Mines)
 34651 | Orc:2    | Bought the ring "Heqell" {*Corrode +Inv MP+9 Dex+3} for 485
                  | gold pieces
 34651 | Orc:2    | Bought the ring "Qerche" {rElec EV+3 Int+5} for 637 gold
                  | pieces
 35300 | Spider:1 | Entered Level 1 of the Spider Nest
 35310 | Spider:1 | Received a gift from Sif Muna
 35722 | Spider:1 | Got a brightly glowing broad axe
 36105 | Shoals:1 | Entered Level 1 of the Shoals
 36252 | Shoals:1 | HP: 3/112 [meliai/divine providence (8)]
 36256 | Shoals:1 | Killed from afar by a meliai

Levels and vault maps discovered:
D:1:      roderic_chinese_lattice_arrival, layout_basic,
          minmay_worlds_worst_comb
D:2:      layout_rooms, yredelemnul_forgotten_temple_becter, first_ration
D:3:      layout_loops_cross, gammafunk_temple_overflow_pools
D:4:      layout_gridville, nicolae_ru_awakened_eye, cheibrodos_ashenzari_chains
D:5:      layout_loops_corners, minmay_misc_feat_tiny
D:6:      layout_loops_ring, tso_metal_star, gammafunk_ghost_smash,
          nicolae_ossuary_entry_giza
D:7:      layout_layer_cave, minmay_temple_entry_gardened_gates, serial_shops,
          shop, nicolae_shop_window_shopping, shop, shop, enter_bailey_6,
          uniq_maggie, uniq_menkaure
D:8:      layout_loops_ring, lemuel_coloured_pillars_altar,
          minmay_lair_entry_lava, biasface_ghost_orc_armoury
D:9:      layout_long_grid
D:10:     layout_basic, blue_anna_alchemist [blue_anna_fruit_fields,
          blue_anna_fruit_fields]
D:11:     layout_gridville, orc_0_dummy, nrook_guardian_serpent_ordinary
D:12:     layout_cave_pods, basic_altar, hangedman_abyss_or_decor_lesser_grid
D:13:     layout_loops_corners, david_vaults_3, evilmike_minifort
D:14:     layout_roguey, gauntlet_entry_generic, chequers_serial_rivers_large_b
D:15:     gammafunk_enter_depths_forms, layout_long_grid, portal_ice_cave_rime,
          hangedman_decor_points, nicolae_two_hexagons
Temple:   nicolae_temple_elliptical
Lair:1:   layout_loops_ring, lemuel_fruit_tree, infiniplex_staircase_pool,
          uniq_erica, uniq_grum
Lair:2:   layout_hall_layers, minmay_shoals_entry_lonely_mermaid
Lair:3:   layout_loops_ring, basic_altar, serial_bayou_pond_e,
          grunt_megastairs_4, serial_bayou_shore_b
Lair:4:   layout_loops_ring, spider_nest_entry_webs, grunt_megastairs_5
Lair:5:   layout_gridlike, slime_altar_1, grunt_megastairs_1
Lair:6:   minmay_lair_end_frog_pond, layout_small_grid,
          infiniplex_staircase_pool_2, uniq_snorg, uniq_urug
Shoals:1: cheibrodos_shoals_baths, layout_shoals, regret_index_shoals_crete
Spider:1: spiders_nest_a, uniq_azrael
Orc:1:    layout_diamond_mine, nicolae_volcano_entry_two_sided,
          minmay_orc_temple_b, uniq_fannar
Orc:2:    st_orc_ogre_mass, layout_caves

Skill      XL: |  1  2  3  4  5  6  7  8  9 10 11 12 13 14 15 |
---------------+----------------------------------------------+-----
Ice Magic      | 4 5 6 7 8 9 10 11 12 | 12.3
Spellcasting   | 3 4 5 6 7 9 10 11 12 | 12.1
Invocations    | 1 2 3 4 5 6 8 9 10 11 | 11.4
Armour         | 1 |  1.3
Fighting       | 1 2 3 4 5 6 7 8 |  8.9
Conjurations   | 1 2 3 5 6 7 8 9 |  9.0
Dodging        | 2 3 4 5 6 7 8 |  8.4
Summonings     | 1 3 5 6 |  6.9
Evocations     | 1 3 4 5 6 7 8 |  8.0
Necromancy     | 2 4 5 6 |  6.6
Shields        | 2 4 |  4.0
Air Magic      | 3 |  3.4
Stealth        | |  1.7

Action                   |  1- 3 |  4- 6 |  7- 9 | 10-12 | 13-15 || total
-------------------------+-------+-------+-------+-------+-------++-------
Melee: Unarmed           |    11 |       |       |       |       ||    11
       Club              |     6 |       |       |       |       ||     6
       Whip              |       |    28 |   197 |       |       ||   225
       Headbutt          |       |     5 |    40 |    56 |   142 ||   243
       Battleaxe         |       |       |    26 |   281 |   638 ||   945
       Long sword        |       |       |     8 |       |       ||     8
Throw: Stone             |       |     4 |     5 |     2 |       ||    11
       Dart              |       |       |       |       |     6 ||     6
 Cast: Freeze            |    64 |    78 |   101 |    59 |    70 ||   372
       Frozen Ramparts   |       |     4 |    10 |    22 |    21 ||    57
       Ozocubu's Armour  |       |     3 |    22 |    24 |    41 ||    90
       Hailstorm         |       |     1 |    34 |    85 |   245 ||   365
       Summon Ice Beast  |       |       |    23 |    35 |   130 ||   188
       Metabolic Englaci |       |       |       |     5 |     4 ||     9
       Simulacrum        |       |       |       |       |    13 ||    13
       Aura of Abjuratio |       |       |       |       |     5 ||     5
       Freezing Cloud    |       |       |       |       |    11 ||    11
Invok: Channel Magic     |       |       |     5 |     4 |    17 ||    26
 Abil: Evoke Flight      |       |       |       |       |     1 ||     1
Evoke: Wand              |       |       |       |     2 |     9 ||    11
       Box of beasts     |       |       |       |       |     1 ||     1
  Use: Scroll            |       |       |    20 |    12 |    13 ||    45
       Potion            |       |       |     2 |     1 |     7 ||    10
 Stab: Sleeping          |       |       |     6 |     5 |    13 ||    24
       Distracted        |       |       |       |     1 |     7 ||     8
  Eat: Chunk             |     3 |     8 |    24 |    31 |    48 ||   114
       Ration            |       |       |     3 |     2 |     5 ||    10
Armor: Robe              |    12 |    17 |    52 |       |    19 ||   100
       Skin              |       |       |    14 |       |       ||    14
       Leather armour    |       |       |    14 |   117 |    67 ||   198
       Troll leather arm |       |       |       |       |   191 ||   191
       Scale mail        |       |       |       |       |     9 ||     9
Dodge: Dodged            |    45 |    68 |   246 |   333 |   898 ||  1590
       Deflected         |       |       |       |       |    15 ||    15
Block: Other             |       |       |       |    64 |   157 ||   221
       Rpst.: Long sword |       |       |     2 |       |       ||     2

Table legend:
 A = Non-vault XP
 B = Vault XP
 C = Vault XP percentage of total XP
 D = Non-vault monster count
 E = Vault monster count
 F = Vault count percentage of total count
                 A         B        C        D         E       F
            +---------+---------+-------+---------+---------+-------
      Total |   76478 |   63255 |  45.3 |     505 |     298 |  37.1
            +---------+---------+-------+---------+---------+-------
        D:1 |      27 |       6 |  18.2 |      17 |       3 |  15.0
        D:2 |      30 |       0 |   0.0 |      12 |       0 |   0.0
        D:3 |     334 |       0 |   0.0 |      39 |       0 |   0.0
        D:4 |     491 |       0 |   0.0 |      18 |       0 |   0.0
        D:5 |     518 |       0 |   0.0 |      20 |       0 |   0.0
        D:6 |     391 |      20 |   4.9 |      10 |       3 |  23.1
        D:7 |     803 |     390 |  32.7 |      13 |       2 |  13.3
        D:8 |    1600 |    2149 |  57.3 |      25 |      13 |  34.2
        D:9 |    2349 |       0 |   0.0 |      28 |       0 |   0.0
       D:10 |    4771 |      97 |   2.0 |      23 |       1 |   4.2
       D:11 |    2720 |     342 |  11.2 |      14 |       1 |   6.7
       D:12 |    7239 |       0 |   0.0 |      32 |       0 |   0.0
       D:13 |    3454 |    9453 |  73.2 |      33 |      30 |  47.6
       D:14 |    5002 |       0 |   0.0 |      29 |       0 |   0.0
       D:15 |    5578 |    3706 |  39.9 |      15 |      11 |  42.3
     Lair:1 |    3586 |    1157 |  24.4 |      14 |       4 |  22.2
     Lair:2 |    1826 |     226 |  11.0 |       9 |       1 |  10.0
     Lair:3 |    1648 |     239 |  12.7 |       9 |       2 |  18.2
     Lair:4 |    3652 |    1095 |  23.1 |      10 |       6 |  37.5
     Lair:5 |    5315 |     101 |   1.9 |      25 |       1 |   3.8
     Lair:6 |    5815 |   11876 |  67.1 |      24 |      48 |  66.7
   Shoals:1 |    3651 |     551 |  13.1 |       7 |       2 |  22.2
   Spider:1 |    6301 |       0 |   0.0 |      23 |       0 |   0.0
      Orc:1 |    7336 |    1449 |  16.5 |      36 |      20 |  35.7
      Orc:2 |    2041 |   17244 |  89.4 |      20 |      40 |  66.7
    Ossuary |       0 |     192 | 100.0 |       0 |      30 | 100.0
     Bailey |       0 |     994 | 100.0 |       0 |      30 | 100.0
      IceCv |       0 |    3830 | 100.0 |       0 |      20 | 100.0
    Volcano |       0 |    4789 | 100.0 |       0 |      16 | 100.0
   Gauntlet |       0 |    3349 | 100.0 |       0 |      14 | 100.0
            +---------+---------+-------+---------+---------+-------
